 Dungeon Crawl Stone Soup version 0.24.0-41-g2ae2f7f1be (webtiles) character file.

Game seed: 5315989708199368926, levelgen mode: deterministic

36810 Henning the Basher (level 13, -17/84 HPs)
             Began as a Gargoyle Fighter on Dec 12, 2019.
             Was the Champion of Okawaru.
             Hit by a large rock thrown by a stone giant (28 damage)
             ... on level 12 of the Dungeon.
             The game lasted 00:43:11 (13276 turns).

Henning the Basher (Gargoyle Fighter)              Turns: 13276, Time: 00:43:11

Health: -17/84     AC: 30    Str: 29    XL:     13   Next: 92%
Magic:  18/18      EV: 11    Int: 10    God:    Okawaru [******]
Gold:   829        SH: 13    Dex: 12    Spells: 12/12 levels left

rFire    . . .     SeeInvis +   Q - +5 eveningstar
rCold    . . .     Gourm    .   c - +0 shield
rNeg     + + .     Faith    .   s - +2 pearl dragon scales
rPois    ∞         Spirit   .   (helmet restricted)
rElec    +         Reflect  .   I - +0 cloak
rCorr    .         Harm     .   (no gloves)
MR       .....                  x - +0 pair of boots
Stlth    ..........             (no amulet)
HPRegen  0.24/turn              a - +6 ring of strength
MPRegen  0.16/turn              X - ring of see invisible

@: about to teleport, starving
A: horns 1, talons 1, agile 1, negative energy resistance 1, shaggy fur 1,
electricity resistance, unbreathing, evolution 1, petrification resistance, rot
immunity, MP-powered wands, AC +9
a: Heroism, Finesse, Renounce Religion


You were on level 12 of the Dungeon.
You worshipped Okawaru.
Okawaru was exalted by your worship.
You were starving.

You visited 2 branches of the dungeon, and saw 13 of its levels.
You also visited: Ice Cave.

You collected 829 gold pieces.

Inventory:

Hand Weapons
 M - a +3 morningstar of draining
 P - a +2 war axe of flaming
 Q - a +5 eveningstar (weapon)
 U - the +7 dire flail of Fulirghe {protect, rElec}
   (Okawaru gifted it to you in an ice cave)

   It grants its wielder temporary protection when it strikes (+7 to AC).
   It insulates you from electricity.
Armour
 c - a +0 shield (worn)
 s - +2 pearl dragon scales (worn)
 x - a +0 pair of boots (worn)
 I - a +0 cloak (worn)
Jewellery
 a - a +6 ring of strength (left hand)
 t - an uncursed ring of wizardry
 u - a +3 ring of intelligence
 K - an uncursed ring of magical power
 W - the ring "Toawur" {Ice Int+3}
   (You found it in an ice cave)

   [ring of ice]

   It enhances your ice magic.
   It affects your intelligence (+3).
   It makes you vulnerable to fire.
   It protects you from cold.
 X - a ring of see invisible (right hand)
Wands
 e - a wand of acid (10)
 h - a wand of flame (34)
 v - a wand of polymorph (31)
 y - a wand of random effects (12)
 z - a wand of paralysis (6)
 C - a wand of disintegration (29)
 D - a wand of scattershot (3)
 E - a wand of clouds (6)
 G - a wand of iceblast (7)
 O - a wand of enslavement (6)
Scrolls
 g - a scroll of enchant weapon
 i - a scroll of magic mapping
 l - a scroll of fog {unknown}
 n - 11 scrolls of remove curse
 F - a scroll of torment
 H - 2 scrolls of immolation
 R - a scroll of fear
 T - a scroll of identify
Potions
 b - 4 potions of agility
 d - 2 potions of might
 j - 3 potions of mutation
 k - 2 potions of brilliance
 m - 2 potions of haste
 q - a potion of resistance
 r - a potion of lignification
 w - 6 potions of curing
 A - 2 potions of magic
 B - 3 potions of flight
 J - 3 potions of heal wounds
 N - 3 potions of degeneration {unknown}
Miscellaneous
 L - a lamp of fire
Comestibles
 f - 22 rations


   Skills:
 + Level 11.3 Fighting
 * Level 13.9 Maces & Flails
 + Level 11.5 Armour
 - Level 3.0 Dodging
 + Level 11.4 Shields
 - Level 7.0 Invocations


You had 12 spell levels left.
You didn't know any spells.
Your spell library contained the following spells:

 Spells                   Type           Power        Failure   Level  Hunger
 Summon Small Mammal      Summ           #...         77%         1    ##.....
 Call Imp                 Summ           #.......     88%         2    ###....
 Ensorcelled Hibernation  Hex/Ice        #.....       88%         2    ###....
 Call Canine Familiar     Summ           #.......     98%         3    ####...
 Summon Guardian Golem    Hex/Summ       #.......     98%         3    ####...
 Ice Form                 Ice/Tmut       #.......     100%        4    #####..
 Summon Ice Beast         Ice/Summ       #.......     100%        4    #####..
 Summon Lightning Spire   Summ/Air       #.......     100%        4    #####..
 Borgnjor's Vile Clutch   Necr/Erth      #.........   100%        5    ######.
 Metabolic Englaciation   Hex/Ice        #.........   100%        5    ######.
 Silence                  Hex/Air        #.........   100%        5    ######.
 Bolt of Cold             Conj/Ice       #.........   100%        6    #######
 Darkness                 Hex            #.........   100%        6    #######
 Freezing Cloud           Conj/Ice/Air   #.........   100%        6    #######
 Ozocubu's Refrigeration  Ice            #.........   100%        6    #######
 Shadow Creatures         Summ           N/A          100%        6    #######
 Simulacrum               Ice/Necr       #.........   100%        6    #######


Dungeon Overview and Level Annotations

Branches:
Dungeon (12/15)            Temple (1/1) D:6            Lair (0/6) D:8
    Orc (0/2) D:11          IceCv (visited)

Altars:
Ashenzari
Cheibriados
Dithmenos
Elyvilon
Fedhas
Gozag
Hepliaklqana
Kikubaaqudgha
Makhleb
Nemelex Xobeh
Okawaru
Qazlal
Ru
Sif Muna
Trog
Uskayaw
Vehumet
Wu Jian
Xom
Yredelemnul
Zin
The Shining One
Beogh

Shops:
D:11 =

Portals:
Trove: D:10 (give 7 potions of agility)


Innate Abilities, Weirdness & Mutations

You are resistant to torment.
Your stone body is resilient. (AC +9)
You are immune to poison.
You resist negative energy. (rN+)
You are resistant to electric shocks. (rElec)
You can survive without breathing.
You are immune to petrification.
You are immune to rotting.
You have a pair of small horns on your head.
You have sharp toenails.
You are agile. (Dex +2)
You are covered in fur. (AC +1)
You evolve.
You expend magic power (3 MP) to strengthen your wands.


Message History

You block the +2 war axe of flaming's attack.
You block the +2 war axe of flaming's attack.
The storm dragon breathes lightning at you.
The bolt of lightning hits the +2 war axe of flaming.
The +2 war axe of flaming completely resists.
The bolt of lightning hits you. You resist.
* * * LOW HITPOINT WARNING * * *
You block the +2 war axe of flaming's attack.
Okay, then.
As you read the scroll of teleportation, it crumbles to dust.
You feel strangely unstable.
You block the +2 war axe of flaming's attack.
The storm dragon bites you but does no damage.
You block the storm dragon's attack.
The storm dragon tramples you but does no damage.
The storm dragon breathes lightning at you.
The bolt of lightning hits you! You resist.
* * * LOW HITPOINT WARNING * * *
The stone giant throws a large rock.
The large rock hits you!!
You die...

,*#((..# #.###.....# #
,##....############...(....##
#
*#.....#...................#
#
#.#....#.###########.......#
#
.##....#.#.................#
#
.C...).#.#.#########.......#
# .####....#.###### #(<.....#
# ## ####D#.#....####.......#
# ###.#.C....@..).......# #
#.....#..D(##########.# #
#.....#....# #.# #
####.....#....# #.# #
#.......##....# #.# #
#.......##....# #.# #
#.......####### #.# #
#.......# *********#.# #
###.......# *,,,,,,,*#.######


You could see a storm dragon, a stone giant and a +2 war axe of flaming.

Vanquished Creatures
  A frost giant (IceCv)
  Harold (D:8)
  The ghost of Name63 the Thaumaturge, a journeyman GnWz of Ashenzari (D:9)
  2 centaur warriors (D:12)
  A death knight (D:12)
  9 two-headed ogres
  2 death yaks (IceCv)
  A deep troll earth mage (D:12)
  Urug (D:10)
  2 unseen horrors
  A wolf spider zombie (D:12)
  3 ugly things
  2 cyclopes
  Maurice (D:8)
  A gargoyle (D:12)
  An ice statue (IceCv)
  A kobold demonologist (D:12)
  A rime drake (IceCv)
  A freezing wraith (D:12)
  13 polar bears (IceCv)
  3 trolls
  The ghost of Delamore the Cleaver, an amateur HOFi (D:4)
  3 hornets
  Grinder (D:4)
  5 hippogriffs
  A wraith (D:10)
  3 wyverns
  37 yaks
  2 hungry ghosts
  Menkaure (D:4)
  An acid dragon (D:12)
  A water moccasin (D:9)
  An eye of draining (D:8)
  5 orc warriors
  3 ice beasts
  2 sky beasts
  2 phantoms
  3 black bears
  11 wolves (IceCv)
  9 centaurs
  6 ogres
  3 crocodiles
  2 big kobolds
  4 bullfrogs
  2 gnoll sergeants
  3 scorpions
  A water moccasin skeleton (D:6)
  4 killer bees (D:6)
  3 wights (D:6)
  2 howler monkeys (D:9)
  5 crimson imps
  2 bullfrog zombies
  A centaur zombie (D:12)
  2 quasits
  3 bullfrog skeletons
  4 hounds
  7 orc priests
  Jessica (D:2)
  Ijyb (D:4)
  5 centaur skeletons
  5 iguanas
  6 orc wizards
  10 worker ants
  A hound skeleton (D:6)
  2 worker ant zombies
  9 gnolls
  A howler monkey skeleton (D:9)
  6 adders
  3 shadow imps
  5 oozes
  An adder skeleton (D:7)
  A worm (D:3)
  6 leopard geckos
  47 orcs
  3 ball pythons
  2 giant cockroaches
  6 hobgoblins
  10 jackals
  6 quokkas
  4 bats
  2 frilled lizards
  7 goblins
  A jackal skeleton (D:6)
  25 kobolds
  A leopard gecko zombie (D:5)
  A quokka skeleton (D:4)
  3 rats
376 creatures vanquished.

Vanquished Creatures (others)
  Psyche (D:8)
1 creature vanquished.

Grand Total: 377 creatures vanquished

Notes
Turn   | Place    | Note
-------+----------+-------------------------------------------
     0 | D:1      | Henning the Gargoyle Fighter began the quest for the Orb.
     0 | D:1      | Reached XP level 1. HP: 14/14 MP: 1/1
   234 | D:1      | Reached XP level 2. HP: 14/19 MP: 2/2
   994 | D:2      | Noticed Jessica
  1000 | D:2      | Reached XP level 3. HP: 17/23 MP: 3/3
  1003 | D:2      | Killed Jessica
  1093 | D:2      | Reached skill level 3 in Maces & Flails
  1211 | D:2      | Reached XP level 4. HP: 29/29 MP: 4/4
  1963 | D:3      | Reached XP level 5. HP: 33/33 MP: 5/5
  2219 | D:4      | Found a runed translucent door.
  2221 | D:4      | Noticed a two-headed ogre
  2221 | D:4      | Noticed Delamore's ghost (amateur HOFi)
  2239 | D:4      | Reached skill level 4 in Maces & Flails
  2239 | D:4      | Reached XP level 6. HP: 38/38 MP: 6/6
  2419 | D:4      | Noticed Menkaure
  2430 | D:4      | Killed Menkaure
  2430 | D:4      | Reached XP level 7. HP: 38/44 MP: 7/7
  2508 | D:4      | Found a shattered altar of Ashenzari.
  2567 | D:4      | Reached skill level 5 in Maces & Flails
  2676 | D:4      | Noticed Grinder
  2677 | D:4      | Paralysed by Grinder for 6 turns
  2687 | D:4      | Paralysed by Grinder for 7 turns
  2702 | D:4      | Killed Grinder
  2702 | D:4      | Reached skill level 5 in Fighting
  2702 | D:4      | Reached skill level 5 in Armour
  2702 | D:4      | Reached skill level 5 in Shields
  2748 | D:4      | Noticed Ijyb
  2761 | D:4      | Killed Ijyb
  2987 | D:4      | Reached XP level 8. HP: 44/49 MP: 8/8
  3060 | D:5      | Entered Level 5 of the Dungeon
  3414 | D:5      | Reached skill level 6 in Maces & Flails
  3690 | D:6      | Found a staircase to the Ecumenical Temple.
  3846 | Temple   | Entered the Ecumenical Temple
  3968 | Temple   | Became a worshipper of Warmaster Okawaru
  4854 | D:6      | Reached skill level 7 in Maces & Flails
  5031 | D:6      | Reached * piety under Okawaru
  5031 | D:6      | Reached XP level 9. HP: 50/55 MP: 9/9
  5339 | D:7      | Reached skill level 1 in Dodging
  5470 | D:7      | Gained mutation: You evolve. [potion of mutation]
  5470 | D:7      | Gained mutation: You are agile. (Dex +2) [potion of
                  | mutation]
  5470 | D:7      | Gained mutation: You have sharp toenails. [potion of
                  | mutation]
  5470 | D:7      | Gained mutation: You are covered in fur. (AC +1) [potion of
                  | mutation]
  5845 | D:8      | Reached skill level 8 in Maces & Flails
  5857 | D:8      | Reached ** piety under Okawaru
  5919 | D:8      | Found a staircase to the Lair.
  6147 | D:8      | Noticed Psyche
  6163 | D:8      | Reached *** piety under Okawaru
  6163 | D:8      | Reached XP level 10. HP: 50/63 MP: 10/10
  6174 | D:8      | Paralysed by something for 4 turns
  6177 | D:8      | Killed Psyche
  6186 | D:8      | Reached skill level 9 in Maces & Flails
  6781 | D:8      | Found a shattered altar of Ashenzari.
  6806 | D:8      | Noticed Maurice
  6810 | D:8      | Noticed a two-headed ogre
  6822 | D:8      | Killed Maurice
  6835 | D:8      | Killed a two-headed ogre
  6835 | D:8      | Reached **** piety under Okawaru
  6835 | D:8      | Reached skill level 1 in Invocations
  7166 | D:8      | Noticed Harold
  7198 | D:8      | Killed Harold
  7500 | D:9      | Noticed Name63's ghost (journeyman GnWz)
  7507 | D:9      | Found a runed translucent door.
  7849 | D:9      | Noticed a two-headed ogre
  7861 | D:9      | Killed a two-headed ogre
  7861 | D:9      | Reached skill level 10 in Maces & Flails
  7861 | D:9      | Reached XP level 11. HP: 69/69 MP: 13/13
  7939 | D:9      | Gained mutation: You expend magic power (3 MP) to
                  | strengthen your wands. [evolution]
  8135 | D:9      | Reached ***** piety under Okawaru
  8530 | D:4      | Killed a two-headed ogre
  8530 | D:4      | Received a gift from Okawaru
  8563 | D:4      | Killed Delamore's ghost
  9058 | D:9      | Killed Name63's ghost
  9199 | D:10     | Entered Level 10 of the Dungeon
  9297 | D:10     | Noticed a two-headed ogre
  9298 | D:10     | Noticed a two-headed ogre
  9306 | D:10     | Killed a two-headed ogre
  9324 | D:10     | Killed a two-headed ogre
  9383 | D:10     | Reached skill level 11 in Maces & Flails
  9426 | D:10     | Noticed a two-headed ogre
  9440 | D:10     | Killed a two-headed ogre
  9475 | D:10     | Found a portal to a secret trove of treasure.
  9593 | D:10     | Reached skill level 5 in Invocations
  9619 | D:10     | Noticed Urug
  9647 | D:10     | Killed Urug
  9849 | D:11     | Found a roughly hewn altar of Beogh.
  9849 | D:11     | Found a staircase to the Orcish Mines.
  9879 | D:11     | Received a gift from Okawaru
  9889 | D:11     | Reached XP level 12. HP: 58/76 MP: 15/15
 10050 | D:11     | Noticed a two-headed ogre
 10057 | D:11     | Killed a two-headed ogre
 10340 | D:11     | Found Ludeb's Jewellery Shop.
 10558 | D:11     | Reached skill level 10 in Armour
 10563 | D:11     | Reached skill level 12 in Maces & Flails
 11064 | D:12     | Reached ****** piety under Okawaru
 11064 | D:12     | Received a gift from Okawaru
 11071 | D:12     | Reached skill level 10 in Shields
 11172 | D:12     | Reached skill level 10 in Fighting
 11176 | D:12     | Noticed a death knight
 11193 | D:12     | Killed a death knight
 11238 | D:12     | Found a frozen archway.
 11243 | IceCv    | Entered an ice cave
 11540 | IceCv    | Reached XP level 13. HP: 63/83 MP: 18/18
 12262 | IceCv    | Reached skill level 13 in Maces & Flails
 12288 | IceCv    | Received a gift from Okawaru
 12319 | IceCv    | Got a steaming dire flail {god gift}
 12325 | IceCv    | Identified the +7 dire flail of Fulirghe {protect, rElec}
                  | (Okawaru gifted it to you in an ice cave)
 12369 | IceCv    | Noticed a frost giant
 12395 | IceCv    | Killed a frost giant
 12486 | IceCv    | Gained mutation: You have a pair of small horns on your
                  | head. [evolution]
 12506 | IceCv    | Got a smoking pewter ring
 12514 | IceCv    | Identified the ring "Toawur" {Ice Int+3} (You found it in
                  | an ice cave)
 12951 | D:12     | Received a gift from Okawaru
 13244 | D:12     | Noticed a storm dragon
 13246 | D:12     | Noticed a stone giant
 13276 | D:12     | Hit by a large rock thrown by a stone giant

Levels and vault maps discovered:
D:1:      roderic_octagonal_star, layout_basic
D:2:      layout_loops_ring, uniq_jessica
D:3:      layout_basic
D:4:      layout_basic, first_ration, ebering_ghost_inner_flame,
          nicolae_ashenzari_panopticon, uniq_menkaure, uniq_grinder, uniq_ijyb
D:5:      layout_rooms, serial_rivers, chequers_serial_rivers_large_a,
          chequers_serial_rivers_marsh, chequers_serial_rivers_small_3,
          chequers_serial_rivers_small_3, chequers_serial_rivers_room_b,
          chequers_serial_rivers_micro_c
D:6:      layout_gridville, minmay_temple_entry_large_hall
D:7:      layout_basic, nrook_uturn, grunt_ogre_cave
D:8:      layout_basic, kennysheep_mini_moat, david_lair_generic, uniq_maurice,
          uniq_harold, uniq_psyche
D:9:      layout_stronghold, hellmonk_ghost_happy_afterlife
D:10:     layout_rooms, nicolae_trove_entry_free_sample, uniq_urug
D:11:     layout_basic, david_orc_5, serial_shops, shop
D:12:     minmay_nested_s, layout_basic, portal_ice_cave_entry_pillars_2
Temple:   kilobyte_greek_temple

Skill      XL: |  1  2  3  4  5  6  7  8  9 10 11 12 13 |
---------------+----------------------------------------+-----
Maces & Flails | 3 4 5 7 8 10 11 12 13 | 13.9
Armour         | 4 5 6 7 8 9 10 11 | 11.5
Shields        | 4 5 6 7 8 9 10 11 | 11.4
Fighting       | 4 5 6 7 8 9 10 11 | 11.3
Dodging        | 2 3 |  3.0
Invocations    | 3 5 7 |  7.0

Action                   |  1- 3 |  4- 6 |  7- 9 | 10-12 | 13-15 || total
-------------------------+-------+-------+-------+-------+-------++-------
Melee: Whip              |    83 |   159 |   543 |   640 |       ||  1425
       Eveningstar       |       |       |       |   356 |   305 ||   661
       Headbutt          |       |       |       |       |    39 ||    39
Invok: Heroism           |       |       |       |     2 |     1 ||     3
  Use: Scroll            |       |       |    19 |     3 |     1 ||    23
       Potion            |       |       |     1 |     1 |     1 ||     3
 Stab: Distracted        |       |       |       |       |     1 ||     1
  Eat: Chunk             |     1 |     4 |    13 |    21 |     5 ||    44
Armor: Scale mail        |    40 |     1 |       |       |       ||    41
       Pearl dragon scal |       |    67 |   320 |   416 |   109 ||   912
Dodge: Dodged            |    18 |    49 |   183 |   216 |    85 ||   551
Block: Shield            |    39 |    69 |   335 |   409 |   197 ||  1049
